 Dungeon Crawl Stone Soup version 0.22.1-57-g7394efd (webtiles) character file.

102 smallpebble the Skirmisher (level 4, 0/41 HPs)
             Began as a Hill Orc Berserker on Mar 20, 2019.
             Was a Believer of Trog.
             Succumbed to a kobold's poison
             ... on level 3 of the Dungeon.
             The game lasted 00:16:27 (2485 turns).

smallpebble the Skirmisher (Hill Orc Berserker)     Turns: 2485, Time: 00:16:28

Health: 0/41       AC:  4    Str: 19    XL:     4   Next: 77%
Magic:  4/4        EV: 17    Int:  7    God:    Trog [**....]
Gold:   95         SH:  0    Dex: 16    Spells: 3/3 levels left

rFire    . . .     SeeInvis .   o - +1 flail (protect)
rCold    . . .     Gourm    .   (no shield)
rNeg     . . .     Faith    .   n - +0 leather armour
rPois    .         Spirit   .   (no helmet)
rElec    .         Reflect  .   (no cloak)
rCorr    .         Harm     .   l - +0 pair of gloves
MR       .....                  (no boots)
Stlth    ++........             (no amulet)
HPRegen  0.13/turn              (no ring)
MPRegen  0.09/turn              (no ring)

@: agile, lethally poisoned (0 -> -7)
A: no striking features
a: Berserk, Trog's Hand, Renounce Religion, Convert to Beogh


You were on level 3 of the Dungeon.
You worshipped Trog.
Trog was pleased with you.
You were not hungry.

You visited 1 branch of the dungeon, and saw 3 of its levels.

You collected 95 gold pieces.

Inventory:

Hand Weapons
 a - a +0 falchion
 e - a -1 whip
 j - a +0 club
 o - a +1 flail of protection (weapon)
 p - a +0 flail
Missiles
 i - 25 sling bullets
Armour
 b - a +0 animal skin
 l - a +0 pair of gloves (worn)
 m - a +0 centaur barding
 n - a +0 leather armour (worn)
Scrolls
 k - a scroll of random uselessness {unknown}
 q - a scroll of identify
Potions
 d - a potion of might {unknown}
 h - 2 potions of curing {unknown}
Comestibles
 c - 3 rations


   Skills:
 + Level 4.6 Fighting
 + Level 3.9 Long Blades
 + Level 2.4 Maces & Flails
 + Level 2.5 Armour
 + Level 1.9 Dodging
 + Level 0.1 Stealth


You had 3 spell levels left.
You didn't know any spells.
Your spell library was empty.

Dungeon Overview and Level Annotations

Branches:
Dungeon (2/15)

Altars:


Message History

There are no items here.
There are no items here.
There are no items here.
There are no items here.
You feel sick.
You feel sick.
You feel sick. The goblin barely misses you.
You closely miss the goblin.
You feel sick.
The orc priest calls down the wrath of Beogh upon you.
Beogh smites you!
* * * LOW HITPOINT WARNING * * *
The goblin hits you.
* * * LOW HITPOINT WARNING * * *
The goblin hits you.
* * * LOW HITPOINT WARNING * * *
It was a potion of magic.
Magic courses through your body. The goblin hits you but does no damage.
It was a potion of agility.
You feel agile all of a sudden.
You die...

.....>.# #K#.#.##
.......# #g#(#.##
(...(รท.# #.#.#(##
......(###########
#(#.#.#(....oKog.#
.......#########@#
#.#.#.## #.#
####### #.# #.#
#.# #.# #.# #.#
#.#


You could see an orc priest, an orc, a goblin and a kobold.

Vanquished Creatures
  A worker ant (D:3)
  2 adders
  2 oozes (D:2)
  A worm (D:2)
  A dart slug (D:2)
  2 leopard geckos
  An orc (D:3)
  A ball python (D:1)
  4 bats
  2 giant cockroaches (D:2)
  4 goblins (D:1)
  5 hobgoblins
  2 jackals (D:1)
  4 kobolds
  A frilled lizard (D:1)
  6 rats
39 creatures vanquished.

Notes
Turn   | Place    | Note
-------+----------+-------------------------------------------
     0 | D:1      | smallpebble the Hill Orc Berserker began the quest for the
                  | Orb.
     0 | D:1      | Reached XP level 1. HP: 19/19 MP: 1/1
   292 | D:1      | Reached XP level 2. HP: 21/27 MP: 2/2
   514 | D:1      | Reached skill level 4 in Fighting
   999 | D:1      | Reached XP level 3. HP: 29/33 MP: 3/3
  1124 | D:2      | Reached skill level 1 in Maces & Flails
  1765 | D:2      | Paralysed by fainting for 7 turns
  1888 | D:2      | Reached XP level 4. HP: 36/41 MP: 4/4
  2062 | D:2      | Reached ** piety under Trog
  2068 | D:2      | You fall through a shaft!
  2150 | D:3      | HP: 2/41 [poisoned by an adder]
  2483 | D:3      | HP: 2/41 [goblin (1)]
  2485 | D:3      | Succumbed to a kobold's poison

Skill      XL: |  1  2  3  4 |
---------------+-------------+-----
Fighting       | 4 |  4.6
Maces & Flails | 1 2 |  2.4
Long Blades    | |  3.9
Armour         | |  2.5
Dodging        | |  1.9
Stealth        | |  0.1

Action                   |  1- 3 |  4- 6 || total
-------------------------+-------+-------++-------
Melee: Whip              |   139 |     5 ||   144
       Falchion          |     4 |       ||     4
       Flail             |       |    36 ||    36
  Use: Scroll            |     3 |     1 ||     4
       Potion            |       |     2 ||     2
  Eat: Ration            |     1 |     1 ||     2
Armor: Animal skin       |     8 |       ||     8
       Leather armour    |    24 |    11 ||    35
Dodge: Dodged            |    77 |    34 ||   111
       Rpst.: Falchion   |     1 |       ||     1
